[Event "Titled Tuesday Blitz December 13 Late 2022"]
[White "Xiong, Jeffery"]
[Black "Ferreira, Vitor Hugo Vieira"]
[WhiteFideId "2047640"]
[BlackFideId "2119765"]
[WhiteElo "2726"]
[BlackElo "2146"]
[Result "1-0"]
[Round "01"]
[TimeControl "180+1"]
[Date "2022.12.13"]
[WhiteClock "0:00:19"]
[BlackClock "0:00:29"]

1. d4 d5 2. c4 c6 3. Nf3 Nf6 4. cxd5 cxd5 5. Nc3 Nc6 6. Bf4 Bf5 7. Qb3 Na5 8. Qa4+ Bd7 9. Qc2 Rc8 10. e3 e6 11. Bd3 Be7 12. O-O O-O 13. Ne5 b5 14. a3 Nc4 15. Qe2 Qb6 16. Rfc1 Rfd8 17. a4 b4 18. Nb5 a6 19. Bxc4 dxc4 20. Nxc4 Rxc4 21. Rxc4 axb5 22. Bc7 Qa6 23. Bxd8 bxc4 24. Bxe7 Nd5 25. Bc5 h6 26. e4 Nf4 27. Qd2 Nd3 28. Bxb4 Bxa4 29. Bc3 Qc6 30. f3 Bb5 31. Ra5 Qb6 32. Qe3 e5 33. Ra1 Nf4 34. Re1 exd4 35. Bxd4 Qc7 36. Ra1 c3 37. Bxc3 Ne6 38. Rd1 Ba4 39. Rd2 Bb5 40. Qf2 Kh7 41. Qg3 Qc5+ 42. Kh1 Qe3 43. h4 h5 44. Rd6 Bc4 45. Rxe6 Qxc3 46. bxc3 Bxe6 47. Qe5 g6 48. Qf6 Kg8 49. Kh2 Kf8 50. Kg3 Ke8 51. Kf4 Kd7 52. Kg5 Kc6 53. f4 Kc5 54. f5 1-0


[Site "https://www.chess.com"]

[Event "Titled Tuesday Blitz December 13 Late 2022"]
[White "Young, Ryan"]
[Black "Ehlvest, Jaan"]
[WhiteFideId "2049945"]
[BlackFideId "4500016"]
[WhiteElo "2290"]
[BlackElo "2430"]
[Result "0-1"]
[Round "01"]
[TimeControl "180+1"]
[Date "2022.12.14"]
[WhiteClock "0:00:10"]
[BlackClock "0:00:26"]

1. d4 d5 2. c4 e6 3. Nf3 Nf6 4. Nc3 Nbd7 5. Bg5 Be7 6. e3 O-O 7. Qc2 h6 8. Bh4 c5 9. cxd5 Nxd5 10. Bxe7 Nxe7 11. Bd3 cxd4 12. Nxd4 Nc5 13. Be2 e5 14. Nb3 Bf5 15. Qd1 Qxd1+ 16. Rxd1 Nxb3 17. axb3 Rfd8 18. O-O Bc2 19. Rxd8+ Rxd8 20. Bd1 Rd2 21. Bxc2 Rxc2 22. Rb1 f5 23. Kf1 Kf7 24. b4 a6 25. b5 axb5 26. Nxb5 Ke6 27. Na3 Rc5 28. Ke2 Nc6 29. Kd2 Nb4 30. Ke2 e4 31. b3 b5 32. Rb2 g5 33. g3 Ke5 34. Rd2 Nd3 35. Nc2 f4 36. gxf4+ gxf4 37. exf4+ Nxf4+ 38. Kd1 Rc3 39. b4 Nd3 40. Ke2 Rb3 41. Ne3 Rxb4 42. Rc2 Rb2 43. Rxb2 Nxb2 44. Kd2 Nc4+ 45. Nxc4+ bxc4 46. Kc3 Kd5 47. h4 h5 48. Kc2 Kd4 49. Kd2 c3+ 50. Kc2 Kc4 51. Kc1 Kd3 52. Kd1 c2+ 53. Kc1 Ke2 54. Kxc2 Kxf2 55. Kc3 e3 56. Kd4 e2 57. Ke5 0-1


[Site "https://www.chess.com"]

[Event "Titled Tuesday Blitz December 13 Late 2022"]
[White "Yuan, Qingyu"]
[Black "Hamedi Nia, Vesal"]
[WhiteFideId "8609772"]
[BlackFideId "12542253"]
[WhiteElo "2787"]
[BlackElo "2431"]
[Result "1-0"]
[Round "01"]
[TimeControl "180+1"]
[Date "2022.12.14"]
[WhiteClock "0:00:22"]
[BlackClock "0:00:21"]

1. e4 c5 2. Nf3 Nc6 3. Bb5 g6 4. Bxc6 dxc6 5. d3 Bg7 6. Nc3 Nf6 7. h3 Nd7 8. Be3 e5 9. Qd2 h6 10. O-O b6 11. Nh2 Nf8 12. f4 exf4 13. Bxf4 Ne6 14. Bg3 Nd4 15. Nf3 O-O 16. Rae1 Be6 17. a3 c4 18. Kh1 cxd3 19. cxd3 c5 20. e5 Nf5 21. Bh2 Re8 22. Ne4 Bd5 23. Rd1 Bxe4 24. dxe4 Qxd2 25. Rxd2 Ne3 26. Rc1 Rad8 27. Bf4 Rxd2 28. Nxd2 Bxe5 29. Bxe3 Bxb2 30. Rb1 Bxa3 31. Ra1 Bb4 32. Rxa7 Rd8 33. Nc4 Rd1+ 34. Kh2 Re1 35. Bxh6 Rxe4 36. Nxb6 c4 37. Nd5 Bd6+ 38. Kg1 Bc5+ 39. Kf1 Bxa7 40. Nf6+ Kh8 41. Nxe4 Kh7 42. Bd2 f5 43. Nc3 Kg7 44. Ke2 Kf6 45. Be3 Bb8 46. Bd4+ Ke6 47. Ke3 Bg3 48. Ne2 Bd6 49. Nf4+ Kf7 50. Nd5 Ba3 51. Nb6 Bc1+ 52. Kf3 c3 53. Bxc3 Ke6 54. Bd4 g5 55. Nc4 Bf4 56. Be3 Bxe3 57. Nxe3 g4+ 58. hxg4 fxg4+ 59. Kxg4 Kf6 60. g3 Kg6 61. Ng2 Kg7 62. Ne1 Kh7 63. Nf3 Kg6 64. Nh2 Kg7 65. Nf1 Kh6 66. Ne3 Kg6 67. Ng2 Kg7 68. Nf4 Kh6 69. Kf5 Kg7 70. g4 Kf7 71. g5 Kg7 72. g6 Kh6 73. Nd3 Kg7 74. Kg5 Kg8 75. Kh6 Kh8 76. g7+ Kg8 77. Nc1 Kf7 78. Kh7 Kf6 79. g8=Q 1-0


[Site "https://www.chess.com"]

[Event "Titled Tuesday Blitz December 13 Late 2022"]
[White "Zhu, Jiner"]
[Black "Albertini, Luca"]
[WhiteFideId "8608059"]
[BlackFideId "847038"]
[WhiteElo "2384"]
[BlackElo "2207"]
[Result "0-1"]
[Round "01"]
[TimeControl "180+1"]
[Date "2022.12.14"]
[WhiteClock "0:00:01"]
[BlackClock "0:00:21"]

1. e4 e5 2. Nf3 Nc6 3. Bc4 Bc5 4. O-O Nf6 5. d3 d6 6. c3 Bg4 7. Nbd2 h6 8. Bb3 Qd7 9. Re1 Bb6 10. Nf1 O-O-O 11. h3 Bxh3 12. gxh3 Qxh3 13. N3h2 Kb8 14. Be3 g5 15. Bxb6 axb6 16. Re3 Qd7 17. Rf3 Qe7 18. Ne3 Rdg8 19. Nf5 Qd8 20. Bxf7 Rf8 21. Bb3 g4 22. Re3 h5 23. Kh1 Ne7 24. Be6 Ng6 25. a4 Nf4 26. Bb3 Nh7 27. a5 b5 28. a6 b6 29. a7+ Ka8 30. d4 Re8 31. Re1 Ng5 32. Qd2 Ngh3 33. Rf1 Qd7 34. Ne3 c6 35. Nf5 d5 36. dxe5 Rxe5 37. Qd4 Rhe8 38. Qxb6 Rxe4 39. Nd4 Rc8 40. Bc2 Re5 41. Nb3 Qc7 42. Qxc7 Rxc7 43. Nc5 Rxa7 44. Rxa7+ Kxa7 45. Bd1 Kb6 46. b4 Kc7 47. Nb3 Ne2 48. Kg2 Nxc3 49. Bc2 Nf4+ 50. Kg3 Nfe2+ 51. Kh4 d4 52. Bd3 Kd6 53. Nc5 Rxc5 54. bxc5+ Kxc5 55. Re1 Nf4 56. Bc2 Ng2+ 57. Kxh5 Nxe1 58. Bb3 d3 59. Kxg4 d2 60. Kf4 Kb4 61. Ke3 Nb1 62. Bd1 Kc3 63. Nf1 Nc2+ 64. Ke2 Nd4+ 65. Ke3 c5 66. f4 b4 67. Ke4 c4 68. f5 Nxf5 69. Kxf5 b3 70. Ke4 Kb2 71. Ke3 Kc1 72. Kd4 c3 0-1


[Site "https://www.chess.com"]

[Event "Titled Tuesday Blitz December 13 Late 2022"]
[White "Abdrlauf, Elham"]
[Black "Walentukiewicz, Michal"]
[WhiteFideId "1533533"]
[BlackFideId "1126903"]
[WhiteElo "2805"]
[BlackElo "2534"]
[Result "1-0"]
[Round "02"]
[TimeControl "180+1"]
[Date "2022.12.14"]
[WhiteClock "0:00:10"]
[BlackClock "0:01:13"]

1. e4 c5 2. Nf3 g6 3. d4 Bg7 4. d5 d6 5. Nc3 Nf6 6. h3 O-O 7. a4 e6 8. Be2 exd5 9. exd5 Na6 10. O-O Nc7 11. Re1 Rb8 12. Bc4 a6 13. a5 b5 14. axb6 Rxb6 15. Rb1 Bf5 16. Bd3 Bxd3 17. Qxd3 Rb4 18. Bd2 Nd7 19. Ne4 c4 20. Qf1 Rb5 21. Nxd6 Rxd5 22. Nxc4 Ne6 23. Rbd1 Qc7 24. b3 Rc8 25. Ba5 Qc6 26. Rxd5 Qxd5 27. Rd1 Qc6 28. Qd3 Ndc5 29. Qd6 Qe4 30. Qd2 Nf4 31. Nd6 Nxh3+ 32. gxh3 Qxf3 33. Nxc8 Be5 34. Re1 f6 35. Qd5+ Qxd5 36. Ne7+ Kf7 37. Nxd5 Ne4 38. Rxe4 1-0


[Site "https://www.chess.com"]

[Event "Titled Tuesday Blitz December 13 Late 2022"]
[White "Adewumi, Tanitoluwa"]
[Black "Lashkin, Jegor"]
[WhiteFideId "30966396"]
[BlackFideId "13907808"]
[WhiteElo "2502"]
[BlackElo "2368"]
[Result "0-1"]
[Round "02"]
[TimeControl "180+1"]
[Date "2022.12.14"]
[WhiteClock "0:00:01"]
[BlackClock "0:02:18"]

1. e4 c5 2. Nf3 d6 3. Bb5+ Nd7 4. c3 Nf6 5. Bd3 a6 6. Bc2 b5 7. d4 Bb7 8. Nbd2 e6 9. O-O Be7 10. Re1 Qc7 11. e5 dxe5 12. dxe5 Nd5 13. Ne4 h6 14. a4 O-O 15. Bd2 c4 16. Qe2 Nxe5 17. Nxe5 Qxe5 18. Qg4 f5 19. Qg3 Qxg3 20. Nxg3 Kf7 21. axb5 axb5 22. Rxa8 Rxa8 23. b3 Ra2 24. bxc4 bxc4 0-1


[Site "https://www.chess.com"]

[Event "Titled Tuesday Blitz December 13 Late 2022"]
[White "Al-Tarboush, Ward"]
[Black "Kravtsiv, Martyn"]
[WhiteFideId "7601450"]
[BlackFideId "14113147"]
[WhiteElo "2557"]
[BlackElo "2833"]
[Result "0-1"]
[Round "02"]
[TimeControl "180+1"]
[Date "2022.12.14"]
[WhiteClock "0:00:02"]
[BlackClock "0:00:08"]

1. e4 e5 2. Nf3 Nc6 3. Bb5 a6 4. Ba4 Nf6 5. O-O Be7 6. Qe2 b5 7. Bb3 O-O 8. c3 d5 9. d3 Re8 10. Bg5 dxe4 11. dxe4 h6 12. Bc1 Bc5 13. Nbd2 Bb7 14. h3 Nh5 15. Rd1 Nf4 16. Qf1 Qd3 17. g3 Qxf1+ 18. Rxf1 Nd3 19. Ne1 Rad8 20. Nxd3 Rxd3 21. Kg2 Red8 22. Nf3 Na5 23. Bc2 Bxe4 24. Bxd3 Rxd3 25. Be3 Bxe3 26. fxe3 Nc4 27. Rf2 Rxe3 28. Rd1 Kh7 29. Rd7 f6 30. b3 Nb6 31. Rxc7 Nd5 32. Rc5 Nxc3 33. g4 Nxa2 34. Rxa2 Rxf3 35. Kh2 Rxb3 36. Rxa6 b4 37. Rc7 Rc3 38. Rd7 b3 39. Raa7 b2 40. Rxg7+ Kh8 41. Rgd7 Rc8 42. Rdb7 b1=Q 43. Rxb1 Bxb1 44. Rf7 Rc6 45. Kg3 Kg8 46. Ra7 Bg6 47. Kh4 Bf7 48. Ra8+ Kg7 49. Ra7 Rd6 50. Ra3 Re6 51. g5 hxg5+ 52. Kg4 e4 53. Kf5 Re5+ 54. Kg4 e3 55. h4 gxh4 0-1


[Site "https://www.chess.com"]

[Event "Titled Tuesday Blitz December 13 Late 2022"]
[White "Annaberdiyev, Babageldi"]
[Black "Naroditsky, Daniel"]
[WhiteFideId "14000385"]
[BlackFideId "2026961"]
[WhiteElo "2332"]
[BlackElo "2628"]
[Result "0-1"]
[Round "02"]
[TimeControl "180+1"]
[Date "2022.12.13"]
[WhiteClock "0:00:12"]
[BlackClock "0:00:05"]

1. e4 c6 2. d4 d5 3. Nd2 dxe4 4. Nxe4 Nf6 5. Nxf6+ exf6 6. Bc4 Bd6 7. Qe2+ Be7 8. Nf3 O-O 9. O-O Bg4 10. h3 Bh5 11. c3 Bd6 12. Re1 Nd7 13. Bd2 Nb6 14. Bd3 Bc7 15. g4 Bg6 16. Bxg6 hxg6 17. Kg2 Qd5 18. b3 Qd7 19. Qe7 Rad8 20. Qxd7 Rxd7 21. c4 Rfd8 22. Bc3 Nc8 23. a4 f5 24. a5 Bf4 25. a6 b6 26. Re2 Nd6 27. Rae1 Ne4 28. Rxe4 fxe4 29. Rxe4 Bb8 30. g5 Bd6 31. h4 Re7 32. Rxe7 Bxe7 33. Ne5 Rc8 34. f4 Bd6 35. Kf3 Kf8 36. Ke4 Ke7 37. Be1 Bxe5 38. fxe5 Ke6 39. Bg3 Rd8 40. Bf4 Rd7 41. Bg3 Rd8 42. Bf4 Rc8 43. Be3 Kd7 44. Bf4 b5 45. Bg3 bxc4 46. bxc4 Rh8 47. Kd3 Ke6 48. Ke4 Kd7 49. Kd3 Rf8 50. Ke4 f6 51. d5 cxd5+ 52. cxd5 fxe5 53. Bxe5 Rf1 54. Bxg7 Rh1 55. Bf6 Rxh4+ 56. Ke5 Ra4 57. Bg7 Rxa6 58. Bf8 Ra4 59. Kf6 Rf4+ 60. Kg7 a5 61. Bc5 Rf5 62. Kxg6 Rxd5 63. Bf8 Ke6 64. Kh6 Kf7 65. Ba3 Kg8 66. g6 Rd3 67. Be7 a4 0-1


[Site "https://www.chess.com"]

[Event "Titled Tuesday Blitz December 13 Late 2022"]
[White "Ansh M Shah"]
[Black "Erdogdu, Mert"]
[WhiteFideId "25033379"]
[BlackFideId "6301495"]
[WhiteElo "2084"]
[BlackElo "2408"]
[Result "0-1"]
[Round "02"]
[TimeControl "180+1"]
[Date "2022.12.14"]
[WhiteClock "0:00:14"]
[BlackClock "0:00:22"]

1. d4 d5 2. c4 e6 3. g3 c5 4. cxd5 exd5 5. Nf3 Nf6 6. Bg2 Nc6 7. O-O Be7 8. dxc5 Bxc5 9. a3 Ne4 10. b4 Bb6 11. Bb2 O-O 12. Nbd2 Qe7 13. Nb3 Rd8 14. Nbd4 Bg4 15. Nxc6 bxc6 16. Bd4 Rac8 17. Rc1 Qe6 18. Bxb6 axb6 19. Nd4 Qh6 20. f3 Qe3+ 21. Kh1 Nxg3+ 22. hxg3 Rd6 23. Qd3 Rh6+ 24. Bh3 Qxd3 25. exd3 Bxh3 26. Rfe1 Kf8 27. Kg1 Bd7 28. Nb3 Ra8 29. Ra1 Ra4 30. d4 Rf6 31. Re3 Re6 32. Kf2 Rxe3 33. Kxe3 Ke7 34. Nd2 Kd6 35. f4 Ra8 36. Nf3 f6 37. a4 Re8+ 38. Kf2 c5 39. dxc5+ bxc5 40. bxc5+ Kxc5 41. a5 Ra8 42. Ke3 Bb5 43. f5 Re8+ 44. Kf4 Re4# 0-1


[Site "https://www.chess.com"]

[Event "Titled Tuesday Blitz December 13 Late 2022"]
[White "Arbunic Castro, Giovanna"]
[Black "Forgacs, Attila Jr."]
[WhiteFideId "3400549"]
[BlackFideId "773654"]
[WhiteElo "1945"]
[BlackElo "2168"]
[Result "1/2-1/2"]
[Round "02"]
[TimeControl "180+1"]
[Date "2022.12.14"]
[WhiteClock "0:00:15"]
[BlackClock "0:00:11"]

1. e4 e5 2. d4 exd4 3. Qxd4 Nc6 4. Qe3 Nf6 5. Nc3 Bb4 6. Bd2 O-O 7. O-O-O Re8 8. f3 d5 9. Qf2 dxe4 10. Bg5 Qe7 11. Nd5 Qe5 12. Bxf6 gxf6 13. fxe4 f5 14. Nf3 Qg7 15. Nxc7 fxe4 16. Nxe8 Qh6+ 17. Kb1 Bg4 18. Be2 exf3 19. gxf3 Rxe8 20. fxg4 Qe6 21. Bd3 Ne5 22. Bf5 Qc6 23. Qh4 Ng6 24. Bxg6 fxg6 25. Rhf1 Qb6 26. Qf6 Rf8 27. Qxb6 axb6 28. Rxf8+ Kxf8 29. c3 Bc5 30. Kc2 Ke7 31. Kb3 Bd6 32. h3 Bf4 33. Kc4 g5 34. Kb5 Be3 35. Re1 Kd6 36. Rxe3 Kc7 37. Re8 Kd6 38. Rh8 Ke5 39. Rxh7 Kf4 40. Rxb7 Kg3 41. Rxb6 Kh4 42. Rh6+ Kg3 43. a4 Kf4 44. a5 Kg3 45. a6 Kf4 46. a7 Kg3 47. a8=Q Kf4 48. Qd5 Kg3 49. Re6 Kh4 50. Qf3 1/2-1/2


[Site "https://www.chess.com"]

[Event "Titled Tuesday Blitz December 13 Late 2022"]
[White "Arkell, Keith C"]
[Black "Xiong, Jeffery"]
[WhiteFideId "400270"]
[BlackFideId "2047640"]
[WhiteElo "2356"]
[BlackElo "2726"]
[Result "0-1"]
[Round "02"]
[TimeControl "180+1"]
[Date "2022.12.13"]
[WhiteClock "0:00:20"]
[BlackClock "0:00:28"]

1. d4 e6 2. Nf3 Nf6 3. c4 d5 4. cxd5 exd5 5. Nc3 c6 6. Qc2 g6 7. Bg5 Be7 8. Bxf6 Bxf6 9. e3 a5 10. h3 O-O 11. Bd3 Re8 12. O-O Na6 13. a3 Nc7 14. b4 Qd6 15. Rab1 b5 16. bxa5 Qxa3 17. Ra1 Qf8 18. Ne2 Bd7 19. Rfc1 Na6 20. Qd2 c5 21. Nf4 Bc6 22. dxc5 Bxa1 23. Rxa1 Nxc5 24. Nd4 Rec8 25. Nxc6 Rxc6 26. Nxd5 Nb3 27. Qb2 Nxa1 28. Qxa1 Qd8 29. e4 Rxa5 30. Qe5 Re6 31. Qc3 Rd6 32. g3 Ra4 33. Qe5 Re6 34. Qc3 h5 35. h4 Rd6 36. Qe5 Re6 37. Qc3 b4 38. Nxb4 Rxb4 0-1


[Site "https://www.chess.com"]

[Event "Titled Tuesday Blitz December 13 Late 2022"]
[White "Averjanov, Alexey"]
[Black "Paravyan, David"]
[WhiteFideId "14109867"]
[BlackFideId "4194985"]
[WhiteElo "2638"]
[BlackElo "2551"]
[Result "1/2-1/2"]
[Round "02"]
[TimeControl "180+1"]
[Date "2022.12.13"]
[WhiteClock "0:00:05"]
[BlackClock "0:00:06"]

1. d4 Nf6 2. c4 g6 3. Nc3 d5 4. cxd5 Nxd5 5. e4 Nxc3 6. bxc3 Bg7 7. Nf3 c5 8. Be3 Nc6 9. Qd2 cxd4 10. cxd4 Bg4 11. Rd1 O-O 12. Be2 Qa5 13. O-O Rfd8 14. d5 Qxd2 15. Rxd2 Na5 16. Rc1 Rac8 17. Rdc2 Rxc2 18. Rxc2 b6 19. Rc7 e6 20. Rxa7 exd5 21. exd5 Rb8 22. h3 Bxf3 23. Bxf3 Nc4 24. Bf4 Be5 25. Bxe5 Nxe5 26. Be2 Rd8 27. f4 Nd7 28. Bb5 Nf6 29. Bc4 Nxd5 30. Kf2 Rd6 31. Kf3 Kf8 32. Rb7 Ne7 33. Ke4 h5 34. g4 hxg4 35. hxg4 Rc6 36. Kd4 Rd6+ 37. Ke4 Rc6 38. Bb3 Rd6 39. Ke5 Rc6 40. f5 gxf5 41. gxf5 Rc5+ 42. Ke4 Rc6 43. Ke5 Rc5+ 44. Ke4 Rc6 45. a4 f6 46. Be6 Rd6 47. Rc7 Nc6 48. Rf7+ Ke8 49. Rxf6 Rd4+ 50. Ke3 Rxa4 51. Bd5 Ra3+ 52. Kf4 Ne7 53. Be6 b5 54. Rh6 Nxf5 55. Kxf5 Ke7 56. Rh7+ Kd6 57. Bg8 Re3 58. Kf4 Re1 59. Rb7 Kc6 60. Rb8 Kc5 61. Bh7 b4 62. Be4 Kc4 63. Rc8+ Kd4 64. Rd8+ Kc3 65. Ke5 b3 66. Rc8+ Kb4 67. Kd4 Rg1 68. Bd3 Rg4+ 69. Be4 b2 70. Rb8+ Ka3 71. Kc3 Rxe4 72. Ra8+ Ra4 73. Rxa4+ Kxa4 74. Kxb2 1/2-1/2


[Site "https://www.chess.com"]

[Event "Titled Tuesday Blitz December 13 Late 2022"]
[White "Barria Zuniga, Daniel"]
[Black "Nakamura, Hikaru"]
[WhiteFideId "3400816"]
[BlackFideId "2016192"]
[WhiteElo "2414"]
[BlackElo "2909"]
[Result "0-1"]
[Round "02"]
[TimeControl "180+1"]
[Date "2022.12.13"]
[WhiteClock "0:00:20"]
[BlackClock "0:01:38"]

1. d4 g6 2. c4 Bg7 3. e4 d6 4. Nc3 Nd7 5. Nf3 e5 6. Be2 Ne7 7. O-O O-O 8. Be3 f5 9. Ng5 Nb8 10. dxe5 Bxe5 11. f4 Bf6 12. c5 h6 13. Qb3+ Kg7 14. Ne6+ Bxe6 15. Qxe6 fxe4 16. cxd6 cxd6 17. Nxe4 Nf5 18. Nxf6 Rxf6 19. Qb3 Nxe3 20. Qxe3 Nd7 21. Rfd1 Qb6 22. Qxb6 Nxb6 23. g3 Re8 24. Bf3 g5 25. Rac1 gxf4 26. Rc7+ Kh8 27. gxf4 Rxf4 28. Bxb7 Rg8+ 29. Kh1 d5 30. b3 Rf2 31. Ba6 Rgg2 32. Bf1 Rg7 33. Rxg7 Kxg7 34. a4 d4 35. Kg1 Rf4 36. Bg2 Kf6 37. a5 Nd7 38. Rf1 Ke5 39. Rxf4 Kxf4 40. Bf1 Ke3 41. b4 d3 42. Bxd3 Kxd3 43. b5 Kc4 44. b6 Nxb6 45. axb6 axb6 46. Kf2 b5 47. Ke1 b4 48. Kd2 Kb3 49. Kc1 Ka2 0-1


[Site "https://www.chess.com"]

[Event "Titled Tuesday Blitz December 13 Late 2022"]
[White "Bjelobrk, Igor"]
[Black "Floresvillar Gonzalez, Luis Migu"]
[WhiteFideId "4300726"]
[BlackFideId "5100542"]
[WhiteElo "2335"]
[BlackElo "2040"]
[Result "1-0"]
[Round "02"]
[TimeControl "180+1"]
[Date "2022.12.14"]
[WhiteClock "0:00:28"]
[BlackClock "0:00:09"]

1. Nf3 d5 2. g3 c6 3. Bg2 Bg4 4. O-O Nd7 5. c4 e6 6. cxd5 exd5 7. d3 Ngf6 8. Qc2 Be7 9. Nc3 O-O 10. e4 dxe4 11. dxe4 Re8 12. h3 Bxf3 13. Bxf3 Ne5 14. Be2 Qc8 15. Kg2 h6 16. f4 Ned7 17. e5 Nd5 18. Nxd5 cxd5 19. Qd1 Nb6 20. Bd3 Qd7 21. Be3 Rac8 22. Rc1 d4 23. Bf2 Rxc1 24. Qxc1 Qc6+ 25. Qxc6 bxc6 26. Rc1 c5 27. Kf3 Rc8 28. b3 a5 29. Ke4 a4 30. bxa4 Nxa4 31. Bxd4 Rb8 32. Ba1 Rb4+ 33. Rc4 Nb6 34. Rxb4 cxb4 35. f5 h5 36. Bb5 g6 37. Bd4 Bd8 38. f6 Nc8 39. Bc5 Ba5 40. Be8 Nb6 41. e6 Na4 42. exf7+ Kh7 43. Bxa4 1-0


[Site "https://www.chess.com"]

[Event "Titled Tuesday Blitz December 13 Late 2022"]
[White "Bluebaum, Matthias"]
[Black "Parkhov, Yair"]
[WhiteFideId "24651516"]
[BlackFideId "2813408"]
[WhiteElo "2634"]
[BlackElo "2421"]
[Result "1-0"]
[Round "02"]
[TimeControl "180+1"]
[Date "2022.12.13"]
[WhiteClock "0:01:03"]
[BlackClock "0:00:05"]

1. d4 Nf6 2. c4 e6 3. Nc3 d5 4. cxd5 exd5 5. Bg5 c6 6. e3 Bd6 7. Bd3 O-O 8. Nf3 Re8 9. Qc2 h6 10. Bh4 Bg4 11. Qb3 Na6 12. a3 Nc7 13. Qxb7 c5 14. dxc5 Bxc5 15. Bxf6 gxf6 16. O-O Qd7 17. Bb5 Nxb5 18. Qxb5 Qxb5 19. Nxb5 Bxf3 20. gxf3 Rab8 21. Nc7 Red8 22. Na6 Rbc8 23. Rac1 Bb6 24. Rxc8 Rxc8 25. Nb4 d4 26. e4 Kg7 27. Rd1 f5 28. Kf1 fxe4 29. fxe4 f5 30. exf5 Kf6 31. Nd5+ Ke5 32. Nxb6 axb6 33. Rd3 Rc2 34. Rb3 Rc6 35. Ke2 Kxf5 36. Kd3 Rd6 37. Rb4 Ke5 38. a4 h5 39. Rb5+ Kf4 40. Rxh5 Kf3 41. Rf5+ Kg4 42. Rf8 Kh3 43. Rf4 Kxh2 44. Rxd4 Rf6 45. f4 Kg3 46. Kc4 Kf3 47. Kb5 Ke3 48. Rb4 Kd3 49. Ka6 Rf5 50. Kxb6 Kc2 51. a5 1-0


[Site "https://www.chess.com"]

[Event "Titled Tuesday Blitz December 13 Late 2022"]
[White "Bogaudinov, Rushan"]
[Black "Burke, Paul"]
[WhiteFideId "4129288"]
[BlackFideId "2605767"]
[WhiteElo "2028"]
[BlackElo "1922"]
[Result "1-0"]
[Round "02"]
[TimeControl "180+1"]
[Date "2022.12.14"]
[WhiteClock "0:01:24"]
[BlackClock "0:00:18"]

1. e4 e5 2. Nc3 Nc6 3. Nf3 Be7 4. Bb5 d6 5. d4 exd4 6. Nxd4 Bd7 7. O-O Nf6 8. Nf5 Bxf5 9. exf5 O-O 10. Re1 a6 11. Bf1 Qd7 12. g4 Ne5 13. h3 h5 14. f4 Nexg4 15. hxg4 Nxg4 16. Bd3 Bh4 17. Re2 Rae8 18. Bd2 Rxe2 19. Qxe2 Re8 20. Qg2 Nf2 21. Qf3 Nxd3 22. Qxd3 c6 23. Kg2 d5 24. Rh1 Qe7 25. Qh3 g5 26. fxg6 1-0


[Site "https://www.chess.com"]

[Event "Titled Tuesday Blitz December 13 Late 2022"]
[White "Boros, Denes"]
[Black "Aguilar, Juan"]
[WhiteFideId "722340"]
[BlackFideId "3800091"]
[WhiteElo "2812"]
[BlackElo "2540"]
[Result "1-0"]
[Round "02"]
[TimeControl "180+1"]
[Date "2022.12.14"]
[WhiteClock "0:01:24"]
[BlackClock "0:00:55"]

1. d4 Nf6 2. Nc3 d5 3. Nf3 a6 4. Bg5 c6 5. Qd3 g6 6. e4 Bg7 7. e5 Bf5 8. exf6 exf6 9. Qe3+ Kf8 10. Bf4 Nd7 11. O-O-O b5 12. h3 Nb6 13. g4 Be6 14. g5 b4 15. Nb1 a5 16. Bd3 a4 17. gxf6 Bxf6 18. Bh6+ Kg8 19. Ne5 b3 20. a3 bxc2 21. Kxc2 c5 22. Nc3 cxd4 23. Qxd4 Rc8 24. f4 Nd7 25. Kb1 Nc5 26. f5 1-0


[Site "https://www.chess.com"]

[Event "Titled Tuesday Blitz December 13 Late 2022"]
[White "Bortnyk, Mykola"]
[Black "Vlassov, Nikolai"]
[WhiteFideId "14120836"]
[BlackFideId "4103360"]
[WhiteElo "2582"]
[BlackElo "2324"]
[Result "1-0"]
[Round "02"]
[TimeControl "180+1"]
[Date "2022.12.13"]
[WhiteClock "0:00:12"]
[BlackClock "0:00:04"]

1. e4 Nc6 2. Nf3 d5 3. exd5 Qxd5 4. Nc3 Qa5 5. Bb5 Bd7 6. b4 Qxb4 7. Rb1 Qd6 8. O-O Nf6 9. Rb3 a6 10. Ba3 Qf4 11. g3 Qg4 12. Be2 b5 13. Re1 Qh5 14. d4 Bg4 15. d5 Na5 16. Rb4 Rd8 17. Nxb5 axb5 18. Rxb5 Nc4 19. Bxc4 Bxf3 20. d6 Bxd1 21. dxe7 c5 22. Rxc5 Qxc5 23. Bxc5 Be2 24. Bb5+ Bxb5 25. exf8=Q+ Kd7 26. Qxf7+ Kc6 27. Qxg7 Kxc5 28. Qxf6 Rhe8 29. Re5+ Kb4 30. Qf4+ Bc4 31. a3+ Kc3 32. Re3+ Rxe3 33. Qxe3+ Kb2 34. Qb6+ Kxc2 35. Qxd8 1-0


[Site "https://www.chess.com"]

[Event "Titled Tuesday Blitz December 13 Late 2022"]
[White "Bryant, Todd"]
[Black "Tatarinov, Dmitry"]
[WhiteFideId "2031299"]
[BlackFideId "24160067"]
[WhiteElo "2340"]
[BlackElo "2326"]
[Result "0-1"]
[Round "02"]
[TimeControl "180+1"]
[Date "2022.12.14"]
[WhiteClock "0:00:16"]
[BlackClock "0:01:18"]

1. e4 c5 2. Nf3 d6 3. d4 cxd4 4. Nxd4 Nf6 5. Nc3 a6 6. Bg5 e6 7. f4 Nbd7 8. Qe2 Qc7 9. O-O-O Be7 10. g4 O-O 11. Bxf6 Bxf6 12. g5 Bxd4 13. Rxd4 b5 14. a3 Bb7 15. Bg2 Rac8 16. Rhd1 Nb6 17. Rxd6 Nc4 18. Rd7 Qxf4+ 19. Kb1 Bc6 20. R7d3 a5 21. Rh3 g6 22. Qe1 b4 23. axb4 axb4 24. Ne2 Qe5 25. Nd4 Qxg5 26. Qxb4 Qxg2 27. Rc3 Ne5 28. Qd6 Qxe4 29. Rxc6 Nxc6 0-1


[Site "https://www.chess.com"]

[Event "Titled Tuesday Blitz December 13 Late 2022"]
[White "Budisavljevic, Luka"]
[Black "Melkumyan, Hrant"]
[WhiteFideId "960047"]
[BlackFideId "13302485"]
[WhiteElo "2424"]
[BlackElo "2604"]
[Result "0-1"]
[Round "02"]
[TimeControl "180+1"]
[Date "2022.12.13"]
[WhiteClock "0:00:44"]
[BlackClock "0:00:15"]

1. d4 Nf6 2. Nf3 d5 3. Bf4 c5 4. e3 Nc6 5. Nbd2 e6 6. c3 Be7 7. Ne5 Nxe5 8. dxe5 Nd7 9. Bd3 b6 10. Nf3 g5 11. Bg3 h5 12. h4 g4 13. Nd2 Bb7 14. e4 c4 15. Bc2 Nc5 16. Qe2 dxe4 17. O-O-O Nd3+ 18. Kb1 Qd5 19. Rhe1 Qb5 20. Bxd3 exd3 21. Qe3 O-O-O 22. Qf4 Bd5 23. Ka1 Rd7 24. Rc1 Kb7 25. Rb1 Rc7 26. Rec1 Rh7 27. Re1 Bf8 28. Red1 Bh6 29. Qd4 Bxg2 30. Bf4 Bxf4 31. Qxf4 Bd5 32. Rg1 Qc6 33. Rgc1 a5 34. b3 Ka7 35. b4 a4 36. b5 Qc5 37. Rb4 a3 38. Qf6 Kb7 39. Rcb1 Qe7 40. Qf4 Qc5 41. Ra4 Rh8 42. Qf6 Rhc8 43. Qf4 Kb8 44. Ne4 Bxe4 45. Qxe4 Qd5 46. Qe3 Kb7 47. Ra6 Rc5 48. Rb4 d2 0-1


[Site "https://www.chess.com"]

[Event "Titled Tuesday Blitz December 13 Late 2022"]
[White "Castillo Pena, Patricia Evarista"]
[Black "Goryachkina, Aleksandra"]
[WhiteFideId "6412106"]
[BlackFideId "4147103"]
[WhiteElo "1919"]
[BlackElo "2484"]
[Result "0-1"]
[Round "02"]
[TimeControl "180+1"]
[Date "2022.12.14"]
[WhiteClock "0:00:05"]
[BlackClock "0:00:41"]

1. d4 Nf6 2. Nf3 d5 3. e3 Bf5 4. c4 c6 5. Qb3 Qb6 6. Nbd2 e6 7. c5 Qc7 8. Be2 h6 9. O-O Nbd7 10. Qd1 Be7 11. b4 a6 12. a4 O-O 13. Bb2 Ne4 14. Qb3 Nxd2 15. Nxd2 e5 16. Rfd1 exd4 17. exd4 Rfe8 18. Bf3 Nf8 19. Nf1 Ne6 20. Ng3 Bg6 21. Rac1 Bg5 22. Ra1 Bf6 23. b5 Qd7 24. Bg4 Re7 25. Nf5 Bxf5 26. Bxf5 g6 27. Bh3 Rae8 28. Rac1 Qc7 29. b6 Qf4 30. Qg3 Bh4 31. Qxf4 Nxf4 32. Bg4 Nd3 33. Rb1 Nxb2 0-1


[Site "https://www.chess.com"]

[Event "Titled Tuesday Blitz December 13 Late 2022"]
[White "Chigaev, Maksim"]
[Black "Fernandez De La Vara, Arnaldo"]
[WhiteFideId "4108116"]
[BlackFideId "3518388"]
[WhiteElo "2542"]
[BlackElo "2387"]
[Result "1-0"]
[Round "02"]
[TimeControl "180+1"]
[Date "2022.12.13"]
[WhiteClock "0:00:46"]
[BlackClock "0:00:01"]

1. Nf3 c5 2. e4 e6 3. b3 a6 4. Bb2 Nc6 5. c4 Nf6 6. e5 Ng8 7. g3 d6 8. exd6 Nf6 9. Bg2 Bxd6 10. O-O O-O 11. d4 cxd4 12. Nxd4 Be5 13. Bxc6 bxc6 14. Re1 c5 15. Rxe5 cxd4 16. Qxd4 Qc7 17. Rg5 e5 18. Qxe5 Qxe5 19. Rxe5 Rd8 20. Nc3 Bb7 21. Rae1 Rd2 22. R5e2 Rd3 23. Na4 Bc6 24. Nc5 Rd6 25. Be5 Rdd8 26. h3 h6 27. Bxf6 gxf6 28. g4 a5 29. Ne4 Kg7 30. Ng3 Rd3 31. Kh2 Rf3 32. Nf5+ Kf8 33. Nd4 1-0


[Site "https://www.chess.com"]